 Dungeon Crawl Stone Soup version 0.31-a0-348-g810772c3d7 (webtiles) character file.

Game seed: 6585707416983174030

1 Hajna the Chopper (level 1, 18/18 HPs)
             Began as a Hill Orc Gladiator on July 23, 2023.
             Was a Follower of Sif Muna.
             Got out of the dungeon alive.
             The game lasted 00:00:35 (95 turns).

Hajna the Chopper (Hill Orc Gladiator)                Turns: 95, Time: 00:00:36

Health: 18/18      AC:  4    Str: 16    XL:     1   Next: 20%
Magic:  1/1        EV: 12    Int:  8    God:    Sif Muna [*.....]
Gold:   5          SH:  0    Dex: 12    Spells: 0/0 levels left

rFire   . . .        a - +0 war axe
rCold   . . .        (no shield)
rNeg    . . .        b - +0 leather armour
rPois   .            c - +0 helmet
rElec   .            (no cloak)
rCorr   .            (no gloves)
SInv    .            (no boots)
Will    .....        (no amulet)
Stlth   +            (no ring)
HPRegen 0.23/turn    (no ring)
MPRegen 0.07/turn

%: no passive effects
@: no status effects
A: no striking features
a: Renounce Religion, Channel Magic


You escaped.
You worshipped Sif Muna.
Sif Muna was aware of your devotion.
You visited 1 branch of the dungeon, and saw 1 of its levels.

You collected 5 gold pieces.

Inventory:

Hand Weapons
 a - a +0 war axe (weapon)
Missiles
 d - 3 throwing nets (quivered)
 e - a javelin
Armour
 b - a +0 leather armour (worn)
 c - a +0 helmet (worn)


   Skills:
 + Level 2.4 Fighting
 + Level 4.0 Axes
 + Level 1.8 Throwing
 + Level 2.4 Dodging


You couldn't memorise any spells.
You didn't know any spells.
Your spell library was empty.

Dungeon Overview and Level Annotations

Branches:
Dungeon (1/15)

Altars:
Sif Muna


Message History

Welcome, Hajna the Hill Orc Gladiator.
The marvelous Orb of Zot lies far below, as if waiting for you to find it.
Press ? for a list of commands and other information.
Found an escape hatch in the floor.
Found a staircase leading out of the dungeon.
Found 8 stones.
Found a faded altar of an unknown god.
You now have 5 gold pieces.
A goblin comes into view. It is wielding a +0 club.
The goblin shouts!
Found 12 gold pieces.
You slash the goblin!
You kill the goblin!
No target in view!
No target in view!
There is a faded altar of an unknown god here.
This altar belongs to (a) Jiyva, (b) Wu Jian or (c) Sif Muna, but you can't tell which.
Press the corresponding letter to learn more about a god, or press enter to convert or escape to cancel.
Sif Muna accepts your prayer! Sif Muna welcomes you!
You can now call upon Sif Muna for magical energy.
There is a staircase leading out of the dungeon here.
You can't go down here!
Are you sure you want to leave the Dungeon?
This will make you lose the game!
You have escaped!

#######+####
#....>.....+
####...@......#
...##..........#
...............#
##.####.########
#.# #.# #.# ##.##
#.####.###...######
#..........#..(...#
######.###...####.#


There were no monsters in sight!

Vanquished Creatures
  A goblin (D:1)
1 creature vanquished.

Notes
Turn   | Place    | Note
-------+----------+-------------------------------------------
     0 | D:1      | Hajna the Hill Orc Gladiator began the quest for the Orb.
     0 | D:1      | Reached XP level 1. HP: 18/18 MP: 1/1
    19 | D:1      | Found a faded altar of an unknown god.
    71 | D:1      | Prayed at the altar of an unknown god.
    71 | D:1      | Became a worshipper of Sif Muna the Loreminder
    71 | D:1      | Reached * piety under Sif Muna
    95 | D:$      | Got out of the dungeon alive.

Illustrated notes

Levels and vault maps discovered:
D:1:      dpeg_arrival_connections, layout_loops_ring,
          ebering_ecumenical_altar_ruins, serial_shops,
          nicolae_shop_advertising_works [nicolae_subvault_shop_adworks],
          hex_medium

Action                     || total
---------------------------++-------
  Melee: War axe           ||     1

Table legend: (Time is in decaauts)
 A = Elapsed time spent in this place.
 B = Non-inter-level travel time spent in this place.
 C = Inter-level travel time spent in this place.
 D = Time resting spent in this place.
 E = Time spent auto-exploring this place.
 F = Levels seen in this place.
 G = Mean time per level.
                   A        B        C        D        E       F      G
               +--------+--------+--------+--------+--------+-----+--------+
         Total |     95 |     54 |     41 |      0 |     44 |   1 |   95.0 |
       Dungeon |     95 |     54 |     41 |      0 |     44 |   1 |   95.0 |
               +--------+--------+--------+--------+--------+-----+--------+

Top non-repeatable levels by time:
     D:1: 95 daAuts
